 Dungeon Crawl Stone Soup version 0.17.0-1-g61d176b (webtiles) character file.

4002 Drakale the Sneak (level 10, 0/61 HPs)
             Began as an Octopode Ice Elementalist on Nov 7, 2015.
             Was a Priest of Sif Muna.
             Killed by nerve-wracking pain
             ... invoked by odiv's ghost
              (4 damage)
             ... on level 8 of the Dungeon.
             The game lasted 00:47:55 (8562 turns).

Drakale the Sneak (Octopode Ice Elementalist)       Turns: 8562, Time: 00:47:55

Health: 0/61       AC:  1    Str:  8    XL:     10   Next: 23%
Magic:  24/28      EV: 13    Int: 20    God:    Sif Muna [***...]
Gold:   24         SH:  6    Dex: 13    Spells: 5 memorised, 7 levels left

rFire  . . .     SeeInvis +     a - +5 hunting sling of Xudivus {freeze, rPois rF+ rC++ rN+}
rCold  + + +     Clarity  +     C - +2 buckler "Pokhluzi" {rElec MR- MP+9}
rNeg   + . .     SustAt   .     K - +0 mask of the Dragon {MR+ Slay+3 SInv}
rPois  +         Gourm    .     e - amulet of clarity
rElec  +         Spirit   .     i - ring of ice
rCorr  .         Warding  .     (no ring)
rMut   .         Stasis   .     (no ring)
MR     .....                    (no ring)
Stlth  +++++.....               (no ring)
                                (no ring)
                                (no ring)
                                (no ring)

@: very slightly contaminated, drained, not resistant to hostile enchantments,
quite stealthy
A: almost no armour, amphibious, 8 rings, constrict 8, camouflage 1, gelatinous
body 1
a: Channel Energy, Forget Spell, Renounce Religion


You were on level 8 of the Dungeon.
You worshipped Sif Muna.
Sif Muna was most pleased with you.
You were not hungry.

You visited 1 branch of the dungeon, and saw 8 of its levels.
You also visited: Sewer and Ossuary.

You collected 358 gold pieces.
You spent 334 gold pieces at shops.

Inventory:

Hand Weapons
 a - the +5 hunting sling of Xudivus (weapon) {freeze, rPois rF+ rC++ rN+}
   (You found it on level 6 of the Dungeon)

   It causes projectiles fired from it to freeze those they strike, causing
   extra injury to most foes and up to half again as much damage against
   particularly susceptible opponents.
   They can also slow down cold-blooded creatures.
   It protects you from fire.
   It greatly protects you from cold.
   It protects you from poison.
   It protects you from negative energy.
 b - a +3 rapier
 j - a +0 dagger of venom
 p - a +0 blowgun
Missiles
 s - 20 poisoned needles
 E - 32 sling bullets (quivered)
 J - a curare-tipped needle
Armour
 C - the +2 buckler "Pokhluzi" (worn) {rElec MR- MP+9}
   (You found it on level 5 of the Dungeon)

   It insulates you from electricity.
   It affects your resistance to hostile enchantments.
   It affects your magic capacity (+9).
 K - the +0 mask of the Dragon (worn) {MR+ Slay+3 SInv}
   (You bought it in a shop on level 5 of the Dungeon)

   It affects your accuracy and damage with ranged weapons and melee attacks
   (+3).
   It affects your resistance to hostile enchantments.
   It lets you see invisible.
Magical Staves
 B - an uncursed staff of poison
Jewellery
 e - an amulet of clarity (around mantle)
 i - a ring of ice (left tentacle)
Wands
 l - a wand of teleportation (0)
 m - a wand of slowing (0)
 y - a wand of paralysis (11)
 G - a wand of polymorph (11)
Scrolls
 f - 2 scrolls of blinking {unknown}
 g - 4 scrolls of identify
 k - 2 scrolls of remove curse {unknown}
 n - a scroll of fog {unknown}
 r - 7 scrolls of teleportation {unknown}
 t - a scroll of fear {unknown}
 u - a scroll of noise {unknown}
 v - 3 scrolls of magic mapping {unknown}
 z - 2 scrolls of amnesia {unknown}
 D - a scroll of enchant armour {unknown}
Potions
 c - 3 potions of magic
 o - a potion of might
 w - a potion of lignification
 I - a potion of cancellation
Books
 x - a book of Frost

   Spells                             Type                      Level
   a - Freeze                         Ice                          1
   b - Throw Frost                    Conjuration/Ice              2
   c - Ozocubu's Armour               Charms/Ice                   3
   d - Throw Icicle                   Conjuration/Ice              4
   e - Summon Ice Beast               Ice/Summoning                4
   f - Condensation Shield            Ice                          4
 H - a book of Death

   Spells                             Type                      Level
   a - Corpse Rot                     Necromancy                   2
   b - Sublimation of Blood           Necromancy                   2
   c - Agony                          Necromancy                   5
   d - Dispel Undead                  Necromancy                   5
   e - Excruciating Wounds            Charms/Necromancy            5
   f - Bolt of Draining               Conjuration/Necromancy       5
Comestibles
 d - 2 beef jerkies
 h - 5 meat rations
 A - a royal jelly
 F - 3 bread rations


   Skills:
 + Level 2.6(2.5) Fighting
 + Level 6.2 Slings
 + Level 2.0(4.2) Throwing
 + Level 4.4(4.2) Dodging
 + Level 7.4(7.2) Stealth
 + Level 2.0(1.9) Shields
 + Level 0.4(0.2) Unarmed Combat
 + Level 6.2(6.0) Spellcasting
 + Level 5.5(5.3) Conjurations
 + Level 0.8(0.6) Charms
 + Level 6.5(6.3) Ice Magic
 + Level 1.2(1.0) Evocations


You had 7 spell levels left.
You knew the following spells:

 Your Spells              Type           Power        Failure   Level  Hunger
a - Freeze                Ice            ####         1%          1    None
b - Throw Frost           Conj/Ice       #####.       1%          2    None
c - Ozocubu's Armour      Chrm/Ice       ####....     12%         3    ##.....
d - Throw Icicle          Conj/Ice       #####...     14%         4    ####...
e - Condensation Shield   Ice            #####.....   12%         4    ####...


Dungeon Overview and Level Annotations

Branches:
Dungeon (8/15)             Temple (0/1) D:6
   Lair: D:8-11

Altars:
Gozag
Nemelex Xobeh
Okawaru
Ru
Sif Muna
Vehumet
Xom

Shops:
D:5 [[?(*   D:6 =

Annotations:
D:8 odiv's ghost, novice FoNe


Innate Abilities, Weirdness & Mutations

You cannot wear most types of armour.
You are amphibious.
You can wear up to eight rings at the same time.
You can use your tentacles to constrict eight enemies at once.
Your skin changes colour to match your surroundings (Stealth).
Your rubbery body absorbs attacks (AC +1).


Message History

Okay, then.
Read which item? (? for menu, Esc to quit)
Okay, then.
Drink which item? (? for menu, Esc to quit)
Okay, then.
Casting: Throw Icicle
Confirm with . or Enter, or press ? or * to list all spells.
Okay, then.
Evoke which item? (* to show all) (? for menu, Esc to quit)
Zapping:
l - a wand of teleportation {zapped: 6} (will waste charges)
Press: ? - help, Shift-Dir - straight line, f - you, p - wight Nothing appears to happen.
Odiv's ghost barely misses you. The wight hits you with a dagger.
* * * LOW HITPOINT WARNING * * *
You see here a dagger.
The wight hits you with a mace of protection.
* * * LOW HITPOINT WARNING * * *
Odiv's ghost gestures at you while chanting.
Pain shoots through your body!
You die...

########
.(.....##########
.....#<......(.
.######.#.#(########
...................
..........$.######.
........z...#
.......z)W.<###
......(@(.(......#
...>.(...(.(####.#
.........#..#
?...$....#..#
.........#....
##########.#### #.


You could see 2 wights and odiv's ghost.

Vanquished Creatures
  The ghost of zureal the Poker, a novice GrFi of the Shining One (D:5)
  Prince Ribbit (D:7)
  Sigmund (D:4)
  Duvessa (D:7)
  An orc warrior (D:7)
  Purgy (Sewer)
  A sky beast (D:5)
  A black bear (D:7)
  4 ice beasts
  3 phantoms
  2 necrophages (D:7)
  5 ogres
  A giant frog (D:5)
  5 centaurs
  A water moccasin skeleton (D:8)
  Dowan (D:7)
  A water moccasin zombie (D:7)
  2 scorpions
  A wight (D:8)
  3 crimson imps
  A centaur zombie (D:8)
  7 orc priests
  4 hounds
  A jelly (D:7)
  An orc wizard (D:7)
  A centaur skeleton (D:4)
  Crazy Yiuf (D:7)
  A giant frog skeleton (D:7)
  An iguana (D:4)
  Terence (D:3)
  Natasha (thrice) (D:3)
  3 worker ants
  A big kobold zombie (Ossuary)
  11 adders
  A shadow imp (D:6)
  An ooze (D:4)
  A worm (D:4)
  3 giant geckos
  28 orcs
  5 giant cockroaches
  6 goblins
  6 hobgoblins
  6 jackals
  11 kobolds
  6 ball pythons
  13 bats
  13 giant newts
  A goblin zombie (Ossuary)
  A hobgoblin zombie (Ossuary)
  An orc zombie (Ossuary)
  2 quokkas
  6 rats
185 creatures vanquished.

Notes
Turn   | Place    | Note
--------------------------------------------------------------
     0 | D:1      | Drakale the Octopode Ice Elementalist began the quest for the Orb.
     0 | D:1      | Reached XP level 1. HP: 11/11 MP: 3/3
   336 | D:1      | Reached XP level 2. HP: 10/17 MP: 3/5
   759 | D:1      | Learned a level 2 spell: Throw Frost
  1178 | D:2      | Reached XP level 3. HP: 21/21 MP: 4/6
  1263 | D:2      | Found a deep blue altar of Sif Muna.
  1269 | D:2      | Became a worshipper of Sif Muna the Loreminder
  1333 | D:2      | Learned a level 3 spell: Ozocubu's Armour
  1932 | D:2      | Reached XP level 4. HP: 27/27 MP: 3/8
  2191 | D:3      | Reached skill level 4 in Stealth
  2274 | D:3      | Noticed Natasha
  2279 | D:3      | Killed Natasha
  2293 | D:3      | Noticed Natasha
  2303 | D:3      | Killed Natasha
  2303 | D:3      | Reached XP level 5. HP: 27/32 MP: 6/9
  2489 | D:3      | Noticed Terence
  2562 | D:3      | Killed Terence
  2562 | D:3      | Reached skill level 5 in Stealth
  2642 | D:3      | Learned a level 4 spell: Throw Icicle
  2668 | D:3      | Noticed Natasha
  2685 | D:3      | Killed Natasha
  2986 | D:4      | Noticed Sigmund
  3080 | D:4      | Killed Sigmund
  3080 | D:4      | Reached skill level 1 in Fighting
  3080 | D:4      | Reached XP level 6. HP: 29/38 MP: 1/11
  3493 | D:4      | Reached XP level 7. HP: 40/43 MP: 7/12
  3598 | D:4      | Reached * piety under Sif Muna
  3771 | D:4      | Reached skill level 6 in Stealth
  3931 | D:5      | Entered Level 5 of the Dungeon
  3986 | D:5      | Got a faintly glowing buckler
  3998 | D:5      | Found Lech's Armour Emporium.
  3998 | D:5      | Found a sand-covered staircase.
  4007 | Ossuary  | Entered an ossuary
  4071 | D:5      | Identified the +2 buckler "Pokhluzi" {rElec MR- MP+9} (You found it on level 5 of the Dungeon)
  4239 | D:5      | Found Diricva Qehi's Weapon Shoppe.
  4255 | D:5      | Found Tumaipru's Magic Scroll Emporium.
  4302 | D:5      | Found Xuphi's General Store.
  4302 | D:5      | Noticed zureal's ghost (novice GrFi)
  4525 | D:5      | Found a glowing drain.
  4534 | Sewer    | Entered a sewer
  4673 | Sewer    | Noticed Purgy
  4691 | Sewer    | Killed Purgy
  4827 | D:6      | Reached XP level 8. HP: 36/50 MP: 14/14
  4892 | D:6      | HP: 2/50 [phantom (7)]
  4896 | D:6      | Reached skill level 1 in Throwing
  4987 | D:6      | Found a sparkling altar of Nemelex Xobeh.
  5007 | D:6      | Found a staircase to the Ecumenical Temple.
  5034 | D:6      | Found a shimmering altar of Xom.
  5072 | D:6      | Got a crude hunting sling
  5073 | D:6      | Identified the +5 hunting sling of Xudivus {freeze, rPois rF+ rC++ rN+} (You found it on level 6 of the Dungeon)
  5277 | D:5      | Found Qipparghi's Armour Emporium.
  5320 | D:5      | Reached skill level 5 in Ice Magic
  5413 | D:5      | Found a sacrificial altar of Ru.
  5495 | D:5      | Reached ** piety under Sif Muna
  5501 | D:5      | Learned a level 4 spell: Condensation Shield
  5587 | D:5      | Reached skill level 1 in Slings
  5956 | D:6      | Found Tues's Jewellery Shop.
  6603 | D:7      | Reached XP level 9. HP: 43/49 MP: 16/16
  6611 | D:7      | Reached skill level 5 in Spellcasting
  6671 | D:7      | Found a radiant altar of Vehumet.
  6683 | D:7      | Reached skill level 7 in Stealth
  6777 | D:7      | Reached skill level 5 in Conjurations
  6905 | D:7      | Noticed Dowan
  6908 | D:7      | Noticed Duvessa
  6910 | D:7      | Killed Dowan
  7161 | D:7      | Found an iron altar of Okawaru.
  7162 | D:7      | Noticed Prince Ribbit
  7179 | D:7      | Reached skill level 1 in Evocations
  7187 | D:7      | Killed Prince Ribbit
  7187 | D:7      | Reached skill level 1 in Shields
  7212 | D:7      | Reached *** piety under Sif Muna
  7314 | D:7      | Killed Duvessa
  7549 | D:7      | Reached skill level 5 in Slings
  7571 | D:7      | Noticed Crazy Yiuf
  7575 | D:7      | Killed Crazy Yiuf
  7704 | D:8      | Noticed odiv's ghost (novice FoNe)
  7834 | D:5      | Killed zureal's ghost
  7834 | D:5      | Reached XP level 10. HP: 21/61 MP: 18/18
  7864 | D:5      | Bought the +0 mask of the Dragon {MR+ Slay+3 SInv} for 334 gold pieces
  8113 | D:5      | Found an opulent altar of Gozag.
  8562 | D:8      | Killed from afar by odiv's ghost

Action                   |  1- 3 |  4- 6 |  7- 9 | 10-12 || total
-------------------------+-------+-------+-------+-------++-------
Melee: Unarmed           |    14 |       |       |       ||    14
       Dagger            |    26 |    35 |    99 |       ||   160
       Rapier            |       |       |     5 |       ||     5
 Fire: Blowgun           |       |     4 |    15 |       ||    19
       Hunting sling     |       |       |   184 |    28 ||   212
 Cast: Freeze            |    21 |    14 |    41 |     7 ||    83
       Throw Frost       |    10 |    27 |    61 |     9 ||   107
       Ozocubu's Armour  |       |     1 |    12 |       ||    13
       Throw Icicle      |       |       |       |     4 ||     4
Invok: Channel Energy    |       |       |     1 |       ||     1
Evoke: Wand              |       |     2 |    14 |       ||    16
  Use: Potion            |       |     5 |     8 |       ||    13
       Scroll            |       |       |     2 |       ||     2
 Stab: Sleeping          |     5 |    14 |     8 |       ||    27
       Paralysed         |       |       |     2 |       ||     2
  Eat: Chunk             |     4 |     6 |    14 |     2 ||    26
       Pizza             |       |       |     1 |       ||     1
       Fruit             |       |       |       |     2 ||     2
